Map: Prion Terraces

Players

MarineLorD - Winner!

  • Race: Terran Terran
  • League: Grandmaster

Welmu

  • Race: Protoss Protoss
  • League: Grandmaster

Event: NationWars III

VOD

https://youtu.be/yKf6BxttCY4

Description

Time

  • Played on: Jan. 3, 2016, 12:18 p.m.
  • Length: 10:01
Show
View Real Time Build Order
Export as new Build Order

MarineLorD Terran - Winner!

Build Orders: Cyclone Opening 

Get SALT Encoding   

  12  0:00  SCV  
  13  0:12  SCV  
  14  0:18  Supply Depot  
  14  0:25  SCV  
  15  0:40  Barracks  
  15  0:43  Refinery  
  15  0:45  SCV  
  16  0:58  SCV  
  17  1:05  Refinery  
  17  1:10  SCV  
  18  1:26  Orbital Command  
  18  1:27  Reaper  
  19  1:33  Supply Depot  
  19  1:49  Factory  
  19  1:53  SCV  
  20  1:59  Reaper  
  21  2:05  SCV  
  21  2:07  Bunker  
  22  2:17  SCV  
  23  2:29  SCV  
  24  2:31  Reaper  
  24  2:34  Factory Tech Lab  
  25  2:41  SCV  
  26  2:45  Supply Depot  
  26  2:53  SCV  
  26  2:57  Cyclone  
  26  2:58  Mag-Field Accelerator  
  30  3:05  SCV  
  31  3:09  Reaper  
  32  3:17  SCV  
  31  3:29  SCV  
  31  3:34  Cyclone  
  34  3:41  SCV  
  36  3:52  Supply Depot  
  36  3:53  Command Center  
  36  3:54  SCV  
  35  4:06  SCV  
  36  4:10  Barracks  
  36  4:11  Cyclone, Barracks  
  39  4:18  SCV  
  40  4:30  SCV  
  41  4:42  SCV  
  41  4:43  Cyclone  
  45  4:52  Supply Depot  
  45  4:53  Barracks  
  45  4:54  SCV  
  46  5:06  SCV  
  46  5:14  Orbital Command  
  40  5:16  Cyclone  
  40  5:18  SCV  
  26  5:30  SCV  
  25  5:41  SCV  
  27  5:42  SCV  
  27  5:44  Engineering Bay  
  27  5:48  Marine x2  
  29  5:53  SCV  
  29  5:55  SCV  
  31  6:05  SCV  
  31  6:06  Marine  
  31  6:07  SCV  
  34  6:16  Cyclone  
  33  6:19  SCV  
  33  6:24  Marine  
  36  6:30  SCV  
  36  6:31  SCV  
  36  6:32  Missile Turret  
  37  6:40  Marine  
  37  6:41  Marine  
  37  6:43  SCV  
  39  6:48  Cyclone  
  39  6:51  Orbital Command  
  42  6:55  SCV, Barracks x2  
  42  6:59  Marine  
  42  7:00  Marine  
  45  7:07  SCV  
  46  7:17  Marine x2  
  46  7:19  SCV  
  46  7:22  Missile Turret  
  49  7:23  SCV  
  50  7:31  SCV  
  50  7:35  Marine x2  
  52  7:38  SCV  
  52  7:39  Cyclone  
  52  7:43  SCV  
  57  7:50  SCV  
  58  7:55  SCV, Barracks Tech Lab  
  58  7:56  Barracks Reactor  
  58  7:58  Barracks Reactor, Barracks Tech Lab  
  59  8:02  SCV  
  60  8:08  SCV  
  61  8:14  SCV  
  61  8:15  Siege Tank  
  65  8:20  SCV  
  65  8:22  Supply Depot x2, Bunker  
  65  8:23  Supply Depot  
  65  8:26  SCV  
  67  8:32  SCV  
  66  8:38  SCV, Marine x2  
  66  8:39  Combat Shields, Marine  
  70  8:43  Marine x3  
  70  8:44  SCV  
  74  8:50  Supply Depot  
  74  8:51  SCV  
  75  8:56  SCV  
  75  8:59  Siege Tank  
  75  9:01  Marine x2  
  75  9:02  Marine x2  
  83  9:03  Marine  
  83  9:08  Refinery  
  83  9:09  Barracks  
  84  9:10  Refinery, Marine  
  84  9:13  SCV  
  86  9:19  Marine x2  
  86  9:20  Marine  
  86  9:21  SCV  
  86  9:22  Marine  
  86  9:23  Marine  
  92  9:25  SCV  
  93  9:33  SCV  
  93  9:34  Marine  
  93  9:37  SCV  
  98  9:45  SCV  
  102  9:55  Supply Depot  
  102  9:56  Supply Depot  
Show
View Real Time Build Order
Export as new Build Order

Welmu Protoss 

Build Orders: 1 Gate Expand, Oracle Opening 

Get SALT Encoding   

  12  0:01  Probe (Chrono Boost)  
  13  0:11  Probe (Chrono Boost)  
  14  0:18  Pylon  
  14  0:22  Probe (Chrono Boost)  
  15  0:36  Probe (Chrono Boost), Gateway  
  16  0:46  Probe (Chrono Boost)  
  16  0:48  Assimilator  
  18  0:57  Probe (Chrono Boost)  
  18  1:07  Probe (Chrono Boost)  
  19  1:20  Nexus  
  19  1:31  Cybernetics Core  
  19  1:34  Probe (Chrono Boost)  
  20  1:43  Assimilator  
  20  1:45  Probe (Chrono Boost)  
  21  1:50  Zealot (Chrono Boost)  
  23  1:57  Pylon  
  23  2:14  Mothership Core (Chrono Boost)  
  24  2:15  Adept (Chrono Boost)  
  23  2:35  Probe (Chrono Boost)  
  24  2:41  Adept (Chrono Boost)  
  24  2:43  Warp Gate (Chrono Boost)  
  26  2:45  Probe (Chrono Boost)  
  28  2:58  Probe (Chrono Boost)  
  28  3:06  Stargate  
  28  3:08  Probe, Adept (Chrono Boost)  
  31  3:26  Probe  
  30  3:34  Gateway x2  
  30  3:35  Adept (Chrono Boost)  
  30  3:38  Probe  
  33  3:46  Oracle (Chrono Boost)  
  36  4:10  Pylon  
  36  4:14  Probe  
  37  4:26  Probe  
  37  4:27  Pylon  
  33  4:32  Oracle  
  31  4:38  Probe  
  31  4:44  Stalker x2  
  31  4:45  Adept  
  31  5:06  Adept x2  
  29  5:07  Probe (Chrono Boost)  
  26  5:19  Probe (Chrono Boost)  
  25  5:30  Probe (Chrono Boost)  
  26  5:40  Probe (Chrono Boost)  
  28  5:43  Probe (Chrono Boost)  
  28  5:50  Adept x2  
  28  5:51  Probe (Chrono Boost)  
  28  5:52  Adept  
  28  5:54  Probe (Chrono Boost)  
  30  6:19  Adept x3  
  30  6:20  Probe x2  
  34  6:32  Probe (Chrono Boost)  
  35  6:44  Probe (Chrono Boost)  
  36  7:01  Nexus  
  36  7:02  Probe (Chrono Boost)  
  37  7:13  Probe (Chrono Boost)  
  38  7:24  Pylon  
  38  7:42  Adept x2  
  38  7:43  Adept  
  44  7:44  Probe (Chrono Boost)  
  44  7:55  Probe  
  45  8:04  Adept  
  47  8:24  Nexus  
  47  8:29  Pylon  
  44  8:45  Twilight Council  
  44  8:47  Probe (Chrono Boost)  
  45  8:51  Sentry  
  45  8:52  Adept  
  49  8:57  Sentry  
  49  8:58  Probe (Chrono Boost)  
  52  9:09  Probe (Chrono Boost)  
  47  9:23  Adept  
  47  9:24  Adept x2  
  51  9:27  Probe (Chrono Boost)  
  46  9:36  Mothership Core (Chrono Boost)  
  46  9:38  Probe (Chrono Boost)  
  47  9:46  Sentry x2  
  47  9:47  Sentry  
Tags
 
Add a new tag
Caveats
  • Supply blocks, unpowered buildings, or Contaminate may cause inaccurate times.
  • Supply counts are checked every 10 seconds.